 Dungeon Crawl Stone Soup version 0.29-a0-1052-g6990b1bffc (webtiles) character file.

Game seed: 6443388146595426655

28 kae the Firebug (level 3, 0/19 HPs)
             Began as a Deep Elf Fire Elementalist on Aug 17, 2022.
             Slain by a hobgoblin (1 damage)
             ... on level 1 of the Dungeon.
             The game lasted 00:01:04 (824 turns).

kae the Firebug (Deep Elf Fire Elementalist)         Turns: 824, Time: 00:01:05

Health: 0/19       AC:  2    Str:  5    XL:     3   Next: 0%
Magic:  1/9        EV: 12    Int: 21    God:
Gold:   37         SH:  0    Dex: 15    Spells: 5/8 levels left

rFire   . . .      SeeInvis .   (no weapon)
rCold   . . .      Faith    .   (no shield)
rNeg    . . .      Spirit   .   a - +0 robe
rPois   .          Reflect  .   (no helmet)
rElec   .          Harm     .   (no cloak)
rCorr   .          Rampage  .   (no gloves)
Will    .....                   (no boots)
Stlth   ++........              (no amulet)
HPRegen 0.06/turn               (no ring)
MPRegen 0.11/turn               (no ring)

@: very slightly contaminated
A: no striking features
a: no special abilities


You were on level 1 of the Dungeon.
You visited 1 branch of the dungeon, and saw 1 of its levels.

You collected 37 gold pieces.


   Skills:
 - Level 2.4 Dodging
 - Level 2.4 Stealth
 + Level 3.4 Spellcasting
 * Level 2.2 Conjurations
 * Level 3.9 Fire Magic


You had 5 spell levels left.
You knew the following spells:

 Your Spells              Type           Power      Damage    Failure   Level
a - Foxfire               Conj/Fire      64%        2x1d7     3%          1
b - Scorch                Fire           40%        2d7       3%          2

Your spell library contained the following spells:

 Spells                   Type           Power      Damage    Failure   Level
 Conjure Flame            Conj/Fire      16%        6-21      11%         3
 Inner Flame              Hex/Fire       11%        N/A       17%         3
 Flame Wave               Conj/Fire      16%        2d7       34%         4

Inventory:

Missiles
 d - 8 stones
Armour
 a - a +0 robe (worn)
Jewellery
 N - a ring of positive energy
   (You found it on level 1 of the Dungeon)
Scrolls
 c - a scroll of fog {unknown}
 f - a scroll of silence {unknown}
Potions
 b - 2 potions of magic
 e - a potion of resistance {unknown}

Dungeon Overview and Level Annotations

Branches:
Dungeon (1/15) Zot: 5173

Altars:

#.#######.##.#
####)#...###.##.#
##....#.......##+#######
......###.#####.........
#.....#.................
##....#.#.####...b......
##....#.#.####..........
)....##.#......#'######
....~##.########@#
...~~#.........gg#
...~8##..#######J#
.#.~~##.. #r# ....~##..#
#.# ###..# ........# ##.
..g.....# ........#
...g...##


You could see an endoplasm, 2 hobgoblins, a bat and a rat.


Message History

Flames lash the ball python.
You kill the ball python! 😎 MP[-2]
You lost 2 mp, and now have 4/8 mp.
Unknown command.
Casting: Scorch (safe; 4% risk of failure)
Confirm with . or Enter, or press ? or * to list all spells.
You can't see any susceptible monsters within range! (Use Z to cast anyway.)
A giant cockroach comes into view.
Unknown command.
Casting: Scorch (safe; 4% risk of failure)
Confirm with . or Enter, or press ? or * to list all spells.
Flames lash the giant cockroach.
You kill the giant cockroach!
Your magical contamination has completely faded away. 😎 MP[-1]
You lost 1 mp, and now have 3/8 mp.
You open the door.
There is an open door here.
Found a stone staircase leading down. 😎 MP[+5]
Your mp is fully restored (8).
A bat, a ball python and 2 hobgoblins come into view.
The ball python hisses angrily.
The hobgoblin shouts! x2
There are monsters nearby!
There are monsters nearby!
The bat closely misses you. The bat closely misses you.
The bat hits you. 😕 HP[-1]
You take 1 damage, and now have 14/15 hp.
The bat closely misses you.
Casting: Scorch (safe; 4% risk of failure)
Confirm with . or Enter, or press ? or * to list all spells.
Flames lash the bat.
The bat's fire resistance burns away.
The bat hits you but does no damage. The bat barely misses you. x2
The bat closely misses you. 😕 MP[-2]
You lost 2 mp, and now have 6/8 mp.
Casting: Scorch (safe; 4% risk of failure)
Confirm with . or Enter, or press ? or * to list all spells.
You miscast Scorch.
You are very lightly contaminated with residual magic.
Nothing appears to happen.
The bat hits you but does no damage. The ball python bites you.
The ball python grabs you.
The ball python constricts you. 😕 HP[-1] MP[-2]
You take 1 damage, and now have 13/15 hp.
You lost 2 mp, and now have 4/8 mp.
Casting: Scorch (safe; 4% risk of failure)
Confirm with . or Enter, or press ? or * to list all spells.
Flames lash the ball python.
You kill the ball python!
The bat is no longer more vulnerable to fire.
The bat misses you.
You have reached level 3!
Your experience leads to an increase in your attributes!
Increase (S)trength, (I)ntelligence, or (D)exterity?
You feel clever. x2 😕 HP[+4] MP[-2]
You now have 19 max hp (+4).
You regained 4 hp, and now have 17/19 hp.
You lost 2 mp, and now have 2/9 mp.
Casting: Scorch (safe; 3% risk of failure)
Confirm with . or Enter, or press ? or * to list all spells.
You miscast Foxfire.
Nothing appears to happen.
The bat hits you. 😕 HP[-1] MP[-1]
You take 1 damage, and now have 16/19 hp.
You lost 1 mp, and now have 1/9 mp.
Casting: Foxfire (safe; 3% risk of failure)
Confirm with . or Enter, or press ? or * to list all spells.
You conjure some foxfire!
The bat barely misses you.
The foxfire hits the hobgoblin but does no damage.
An endoplasm comes into view.
The hobgoblin barely misses you. The bat hits you but does no damage.
The hobgoblin hits you.
A rat comes into view. 😮 HP[-4] MP[-1]
You take 4 damage, and now have 12/19 hp.
MASSIVE DAMAGE!! (PAUSE)
You lost 1 mp, and now have 0/9 mp.
You miss the bat. The bat barely misses you. x2
The hobgoblin barely misses you. The hobgoblin hits you.
* * * LOW HITPOINT WARNING * * *
😨 HP[-5]
You take 5 damage, and now have 7/19 hp.
MASSIVE DAMAGE!! (PAUSE)
The hobgoblin attacks as you move away! The hobgoblin barely misses you.
The bat barely misses you. The hobgoblin hits you.
* * * LOW HITPOINT WARNING * * *
😱 HP[-4] MP[+1]
You take 4 damage, and now have 3/19 hp.
MASSIVE DAMAGE!! (PAUSE)
You hit the bat. The bat hits you.
* * * LOW HITPOINT WARNING * * *
The hobgoblin hits you.
* * * LOW HITPOINT WARNING * * *
The hobgoblin hits you.
You die...

Skill      XL: |  1  2 |
---------------+-------+-----
Conjurations   | 2 |  2.2
Dodging        | |  2.4
Stealth        | |  2.4
Spellcasting   | |  3.4
Fire Magic     | |  3.9

Action                   || total
-------------------------++-------
Melee: Unarmed           ||     3
 Cast: Foxfire           ||    30
       Scorch            ||     4
Armor: Robe              ||     7
Dodge: Dodged            ||    33

Levels and vault maps discovered:
D:1:      ncdulo_smallfort, layout_basic,
          shapermc_ecumenical_altar_mp_ritualfount, moated_statue

Notes
Turn   | Place    | Note
-------+----------+-------------------------------------------
     0 | D:1      | kae the Deep Elf Fire Elementalist began the quest for the
                  | Orb.
     0 | D:1      | Reached XP level 1. HP: 10/10 MP: 6/6
     0 | D:1      | magus.rc [v1.11.3]
   216 | D:1      | Found a faded altar of an unknown god.
   307 | D:1      | Reached XP level 2. HP: 15/15 MP: 4/8
   397 | D:1      | magus.rc [v1.11.3]
   406 | D:1      | Reached skill level 2 in Conjurations
   726 | D:1      | Learned a level 2 spell: Scorch
   819 | D:1      | Reached XP level 3. HP: 17/19 MP: 2/9
   823 | D:1      | HP: 3/19 [hobgoblin (4)]
   824 | D:1      | HP: 1/19 [hobgoblin (2)]
   824 | D:1      | Slain by a hobgoblin

Vanquished Creatures
  3 dart slugs (D:1)
  An endoplasm (D:1)
  2 giant cockroaches (D:1)
  A hobgoblin (D:1)
  4 jackals (D:1)
  3 ball pythons (D:1)
  A frilled lizard (D:1)
  3 goblins (D:1)
  A kobold (D:1)
  2 rats (D:1)
21 creatures vanquished.

Vanquished Creatures (collateral kills)
  3 foxfires (D:1)
3 creatures vanquished.

Vanquished Creatures (others)
  53 foxfires (D:1)
53 creatures vanquished.

Grand Total: 77 creatures vanquished

Table legend:
 A = Non-vault XP
 B = Vault XP
 C = Vault XP percentage of total XP
 D = Non-vault monster count
 E = Vault monster count
 F = Vault count percentage of total count
                 A         B        C        D         E       F
            +---------+---------+-------+---------+---------+-------
      Total |      41 |       0 |   0.0 |      21 |       0 |   0.0
            +---------+---------+-------+---------+---------+-------
        D:1 |      41 |       0 |   0.0 |      21 |       0 |   0.0
            +---------+---------+-------+---------+---------+-------

Illustrated notes

Table legend:
 A = Kills in this place as a percentage of kills in entire the game.
 B = Kills by you in this place as a percentage of kills by you in the entire game.
 C = Kills by friends in this place as a percentage of kills by friends in the entire game.
 D = Other kills in this place as a percentage of other kills in the entire game.
 E = Experience gained in this place as a percentage of experience gained in the entire game.
 F = Experience gained in this place divided by the number of levels of this place that you have seen.
                   A       B       C       D       E      F
               +-------+-------+-------+-------+-------+----------------------
         Total | 100.0 | 100.0 |   N/A |   N/A | 100.0 |  41.0
       Dungeon | 100.0 | 100.0 |   N/A |   N/A | 100.0 |  41.0
               +-------+-------+-------+-------+-------+----------------------

Table legend: (Time is in decaauts)
 A = Elapsed time spent in this place.
 B = Non-inter-level travel time spent in this place.
 C = Inter-level travel time spent in this place.
 D = Time resting spent in this place.
 E = Time spent auto-exploring this place.
 F = Levels seen in this place.
 G = Mean time per level.
                   A        B        C        D        E       F      G
               +--------+--------+--------+--------+--------+-----+--------+
         Total |    825 |    825 |      0 |      0 |    710 |   1 |  825.0 |
       Dungeon |    825 |    825 |      0 |      0 |    710 |   1 |  825.0 |
               +--------+--------+--------+--------+--------+-----+--------+

Top non-repeatable levels by time:
     D:1: 825 daAuts
